 Dungeon Crawl Stone Soup version 0.25-a0-108-gda8bd6cf83 (webtiles) character file.

Game seed: 5095306681512625988, levelgen mode: deterministic

2031 D1HalberdGnoll the Covert (level 9, 0/100 HPs)
             Began as a Vampire Assassin on Nov 18, 2019.
             Was an Initiate of Gozag.
             Succumbed to a gnoll's poison
             ... on level 6 of the Dungeon.
             The game lasted 00:13:00 (6214 turns).

D1HalberdGnoll the Covert (Vampire Assassin)        Turns: 6214, Time: 00:13:00

Health: 0/100      AC:  6    Str: 17    XL:     9   Next: 3%
Magic:  9/9        EV: 14    Int: 14    God:    Gozag
Gold:   520        SH:  0    Dex: 16    Spells: 7/8 levels left

rFire    . . .     SeeInvis +   a - +3 dagger
rCold    + . .     Gourm    .   (no shield)
rNeg     . . .     Faith    .   n - +0 ring mail
rPois    .         Spirit   .   (no helmet)
rElec    .         Reflect  .   c - +0 cloak
rCorr    .         Harm     .   (no gloves)
MR       .....                  (no boots)
Stlth    ..........             (no amulet)
HPRegen  0.46/turn              o - ring of protection from cold
MPRegen  0.11/turn              (no ring)

@: berserking (expiring), lethally poisoned (0 -> -18), gold aura, regenerating
quickly, very quick
A: no food, fangs 3, see invisible, unbreathing
a: Exsanguinate, Potion Petition, Call Merchant, Bribe Branch, Renounce Religion


You were on level 6 of the Dungeon.
You worshipped Gozag.
Gozag was pleased with you.
You were alive.

You visited 2 branches of the dungeon, and saw 7 of its levels.
You also visited: Sewer.

You collected 636 gold pieces.
You paid 116 gold pieces to Gozag.

Inventory:

Hand Weapons
 a - a +3 dagger (weapon)
Missiles
 e - 2 curare-tipped darts (quivered)
Armour
 c - a +0 cloak (worn)
 n - a +0 ring mail (worn)
Jewellery
 o - a ring of protection from cold (left hand)
Wands
 t - a wand of flame (3)
Scrolls
 b - a scroll of teleportation
 f - 2 scrolls of enchant armour {unknown}
 h - 5 scrolls of blinking {unknown}
 i - a scroll of fear {unknown}
 k - 2 scrolls of remove curse
 l - 2 scrolls of amnesia
 p - 4 scrolls of identify
 r - 2 scrolls of enchant weapon
 v - 3 scrolls of magic mapping {unknown}
 w - a scroll of immolation {unknown}
 x - a scroll of acquirement {unknown}
 y - a scroll of holy word {unknown}
Potions
 g - a potion of might
 j - 3 potions of flight
 m - 2 potions of magic {unknown}
 s - a potion of berserk rage
 u - a potion of haste {unknown}
 z - a potion of agility {unknown}


   Skills:
 + Level 4.9 Fighting
 + Level 5.9 Short Blades
 - Level 1.5 Throwing
 + Level 0.5 Armour
 - Level 5.0 Dodging
 * Level 12.3 Stealth
 - Level 5.0 Hexes


You had 7 spell levels left.
You knew the following spells:

 Your Spells              Type           Power        Failure   Level  Hunger
a - Confusing Touch       Hex            ##....       7%          1    N/A

Your spell library contained the following spells:

 Spells                   Type           Power        Failure   Level  Hunger
 Animate Skeleton         Necr           N/A          47%         1    N/A
 Apportation              Tloc           #.....       47%         1    N/A
 Freeze                   Ice            #...         47%         1    N/A
 Infusion                 Chrm           #...         47%         1    N/A
 Summon Small Mammal      Summ           #...         47%         1    N/A
 Spectral Weapon          Hex/Chrm       #.......     50%         3    N/A
 Shroud of Golubria       Chrm/Tloc      #.....       63%         2    N/A
 Song of Slaying          Chrm           #.......     63%         2    N/A
 Throw Frost              Conj/Ice       #.....       63%         2    N/A
 Ozocubu's Armour         Chrm/Ice       #.......     85%         3    N/A
 Regeneration             Chrm/Necr      #.........   85%         3    N/A
 Summon Ice Beast         Ice/Summ       #.......     99%         4    N/A
 Throw Icicle             Conj/Ice       #.......     99%         4    N/A

Dungeon Overview and Level Annotations

Branches:
Dungeon (6/15)             Temple (1/1) D:5           Sewer (visited)

Altars:
Elyvilon
Gozag
Hepliaklqana
Kikubaaqudgha
Nemelex Xobeh
Okawaru
Qazlal
Ru
Sif Muna
Trog
Uskayaw
Wu Jian
Xom
Yredelemnul
The Shining One

Shops:
D:4 [

Annotations:
D:4 Grinder


Innate Abilities, Weirdness & Mutations

You do not eat.
Your natural rate of healing is unusually fast.
You have razor-sharp teeth.
You have supernaturally acute eyesight. (SInv)
You can survive without breathing.


Message History

You feel sick.
* * * LOW HITPOINT WARNING * * *
You feel sick. The gnoll completely misses you.
Things that are here:
5 gold pieces; a +2 spear of venom You puncture the gnoll!
You kill the gnoll!
* * * LOW HITPOINT WARNING * * *
You feel sick.
You puncture the gnoll!
The gnoll is almost dead.
* * * LOW HITPOINT WARNING * * *
You feel sick.
You puncture the gnoll!
You kill the gnoll!
* * * LOW HITPOINT WARNING * * *
You feel sick.
You are too berserk!
You die...
Your body crumbles into a pile of gold.

###.....#.#...#....#.###
......###.###.#........
......#.....#........# #
#....#'#.###........# #.
##.....#.#..........#
##. #.##))###.......####
.# #. ##.......#...# #.
#. ###....##...# ##. ..
########@## #.. .. #$#
#.. ... #.# #.. ._...#
#$# ##.. .....### #.#
##... .......# #(# #.###
#......#########.#####
######.# #
l..........gg........#
#......###
#.....#####.#######.#
#.....#...


There were no monsters in sight!

Vanquished Creatures
  An unseen horror (D:4)
  A water moccasin (D:6)
  An ice beast (D:6)
  3 phantoms
  2 ogres
  A big kobold (Sewer)
  A scorpion (D:4)
  A crimson imp (D:5)
  A gnoll shaman (D:6)
  Jessica (D:2)
  4 iguanas
  7 orc wizards
  A hound skeleton (D:5)
  A worker ant zombie (D:5)
  7 gnolls
  12 adders
  4 river rats (Sewer)
  A shadow imp (D:5)
  4 oozes
  An adder zombie (D:5)
  2 worms (D:3)
  An adder skeleton (D:4)
  A dart slug (D:3)
  2 leopard geckos
  11 orcs
  7 giant cockroaches
  10 hobgoblins
  2 jackals (Sewer)
  A quokka (D:5)
  7 ball pythons
  5 bats
  11 frilled lizards
  9 goblins
  7 kobolds
  A quokka zombie (D:5)
  8 rats
140 creatures vanquished.

Notes
Turn   | Place    | Note
-------+----------+-------------------------------------------
     0 | D:1      | D1HalberdGnoll the Vampire Assassin began the quest for the
                  | Orb.
     0 | D:1      | Reached XP level 1. HP: 16/16 MP: 1/1
    32 | D:1      | Reached skill level 6 in Stealth
   172 | D:1      | Reached XP level 2. HP: 22/22 MP: 2/2
  1116 | D:2      | Noticed Jessica
  1137 | D:2      | Killed Jessica
  1137 | D:2      | Reached XP level 3. HP: 18/27 MP: 3/3
  1246 | D:2      | Reached skill level 7 in Stealth
  1246 | D:2      | Reached XP level 4. HP: 33/34 MP: 4/4
  1851 | D:3      | Found a glowing drain.
  1863 | Sewer    | Entered a sewer
  1875 | Sewer    | Reached XP level 5. HP: 17/39 MP: 5/5
  2095 | Sewer    | Reached skill level 8 in Stealth
  2126 | Sewer    | Found a white marble altar of Elyvilon.
  2190 | D:3      | Found a white marble altar of Elyvilon.
  2264 | D:3      | Reached XP level 6. HP: 38/47 MP: 6/6
  2325 | D:3      | Found a faded altar of an unknown god.
  2914 | D:3      | Learned a level 1 spell: Confusing Touch
  3084 | D:4      | Reached skill level 9 in Stealth
  3084 | D:4      | Reached skill level 1 in Hexes
  3153 | D:4      | Reached XP level 7. HP: 27/52 MP: 7/7
  3485 | D:4      | Found a sparkling altar of Nemelex Xobeh.
  3727 | D:4      | Noticed Grinder
  3974 | D:4      | Found Zoutyopp's Antique Armour Shop.
  4397 | D:5      | Entered Level 5 of the Dungeon
  4397 | D:5      | Noticed an unseen horror
  4413 | D:5      | HP: 2/52 [unseen horror (3)]
  4423 | D:4      | HP: 1/52 [unseen horror (4)]
  4424 | D:4      | Killed an unseen horror
  4424 | D:4      | Reached skill level 5 in Short Blades
  4424 | D:4      | Reached skill level 10 in Stealth
  4424 | D:4      | Reached XP level 8. HP: 1/60 MP: 8/8
  4620 | D:5      | Found a staircase to the Ecumenical Temple.
  4628 | Temple   | Entered the Ecumenical Temple
  4709 | Temple   | Became a worshipper of Gozag Ym Sagoz the Greedy
  4881 | D:5      | Reached skill level 11 in Stealth
  4933 | D:5      | Found a basalt altar of Yredelemnul.
  5085 | D:5      | Found a stormy altar of Qazlal.
  5567 | D:5      | Found a hazy altar of Hepliaklqana.
  5740 | D:6      | Reached skill level 5 in Dodging
  5740 | D:6      | Reached skill level 5 in Hexes
  5893 | D:6      | Found an iron altar of Okawaru.
  5915 | D:6      | Reached skill level 12 in Stealth
  6130 | D:6      | Reached XP level 9. HP: 67/67 MP: 9/9
  6153 | D:6      | Found an opulent altar of Gozag.
  6210 | D:6      | HP: 4/100 [poisoned by a gnoll]
  6214 | D:6      | Succumbed to a gnoll's poison

Levels and vault maps discovered:
D:1:      scummos_arrival_simple_fountains, layout_loops_ring, serial_forest,
          infiniplex_forest_lined_2, infiniplex_forest_clump_diagonal,
          infiniplex_forest_straight_2, infiniplex_forest_join,
          infiniplex_forest_lined_2, infiniplex_forest_corner_1,
          infiniplex_forest_clump_tiny, infiniplex_forest_clump_tiny,
          chequers_hall_statues_corner_a
D:2:      layout_loops_ring, minmay_ruptured, uniq_jessica
D:3:      layout_loops_ring, nicolae_overflow_crystal_walls,
          cheibrodos_sewer_entry_sluice, chequers_ecumenical_altar_grove,
          kennysheep_generic_room_2
D:4:      layout_loops_corners, serial_shops,
          nicolae_shop_competitors_out_of_business, nemelex_dance_club_becter,
          uniq_grinder
D:5:      layout_loops_ring, old_standard_altar, overflow_temple_1_default,
          kennysheep_little_box, minmay_temple_entry_hall, first_ration
D:6:      layout_loops_ring, old_standard_altar, basic_altar, minivault_24,
          minmay_a_box_with_orc_wizards_in_it
Temple:   cyrus_temple_forest

Skill      XL: |  1  2  3  4  5  6  7  8 |
---------------+-------------------------+-----
Stealth        | 6 7 8 9 10 12 | 12.3
Fighting       | 2 3 4 |  4.9
Dodging        | 2 3 4 5 |  5.0
Short Blades   | 3 4 5 |  5.9
Hexes          | 1 4 5 |  5.0
Throwing       | |  1.5
Armour         | |  0.5

Action                   |  1- 3 |  4- 6 |  7- 9 || total
-------------------------+-------+-------+-------++-------
Melee: Dagger            |    64 |   268 |   320 ||   652
       Bite              |     4 |    22 |    37 ||    63
Throw: Dart              |     6 |    25 |    12 ||    43
 Cast: Confusing Touch   |       |       |    20 ||    20
Evoke: Wand              |       |       |     6 ||     6
  Use: Potion            |       |     1 |     5 ||     6
       Scroll            |       |       |     7 ||     7
 Stab: Sleeping          |    10 |     9 |    14 ||    33
       Confused          |       |       |    12 ||    12
Armor: Robe              |     9 |       |       ||     9
       Ring mail         |     7 |    56 |    48 ||   111
Dodge: Dodged            |    27 |    96 |   124 ||   247

Table legend:
 A = Non-vault XP
 B = Vault XP
 C = Vault XP percentage of total XP
 D = Non-vault monster count
 E = Vault monster count
 F = Vault count percentage of total count
                 A         B        C        D         E       F
            +---------+---------+-------+---------+---------+-------
      Total |    2605 |     297 |  10.2 |     116 |      24 |  17.1
            +---------+---------+-------+---------+---------+-------
        D:1 |      26 |       0 |   0.0 |      21 |       0 |   0.0
        D:2 |      94 |      40 |  29.9 |      15 |       3 |  16.7
        D:3 |     154 |      12 |   7.2 |      23 |       5 |  17.9
        D:4 |    1251 |      10 |   0.8 |      12 |       2 |  14.3
        D:5 |     539 |       0 |   0.0 |      26 |       0 |   0.0
        D:6 |     541 |      76 |  12.3 |      19 |       2 |   9.5
      Sewer |       0 |     159 | 100.0 |       0 |      12 | 100.0
            +---------+---------+-------+---------+---------+-------
